Map: Ulrena

Players

morSellout

  • Race: Terran Terran
  • League: Master

Pakt

  • Race: Terran Terran
  • League: Platinum

TheMakzy

  • Race: Terran Terran
  • League: Master

Lompe

  • Race: Terran Terran

VOD

Have the link to the VOD?

Description

Time

  • Played on: Feb. 8, 2016, 4:43 p.m.
  • Length: 4:20
Show
View Real Time Build Order
Export as new Build Order

morSellout Terran 

Build Orders: 1/1/1 

Get SALT Encoding   

  12  0:00  SCV  
  13  0:13  SCV  
  14  0:20  Supply Depot  
  14  0:25  SCV  
  15  0:30  Refinery  
  15  0:42  SCV  
  16  0:46  Barracks  
  16  0:54  SCV  
  17  1:06  SCV  
  19  1:18  SCV  
  19  1:31  Refinery  
  19  1:32  Orbital Command  
  19  1:35  Marine  
  19  1:36  Factory  
  20  1:46  Supply Depot  
  21  1:57  Barracks Reactor  
  21  1:59  SCV  
  21  2:11  SCV  
  22  2:20  Widow Mine  
  22  2:22  Starport  
  24  2:27  SCV  
  25  2:30  Supply Depot  
  25  2:34  Marine  
  25  2:35  Bunker  
  25  2:36  Marine  
  26  2:39  SCV  
  26  2:51  SCV  
  27  2:52  Bunker  
  27  2:53  Marine  
  27  2:57  Hellion  
  31  3:05  Marine  
  23  3:29  Viking  
  20  3:44  Marine  
Show
View Real Time Build Order
Export as new Build Order

Pakt Terran 

Build Orders:  

Get SALT Encoding   

  12  0:00  SCV  
  13  0:12  SCV  
  14  0:18  Supply Depot  
  14  0:24  SCV  
  15  0:40  SCV  
  16  0:44  Barracks  
  16  0:57  Barracks  
  16  1:02  Refinery  
  16  1:10  Refinery  
  16  1:12  SCV  
  17  1:27  SCV  
  18  1:35  Barracks Tech Lab  
  18  1:46  Supply Depot  
  18  1:48  Barracks Tech Lab  
  18  1:54  Marauder  
  18  1:57  Concussive Shells  
  18  1:59  SCV  
  21  2:10  Marauder  
  24  2:20  Marauder  
  25  2:31  Marauder  
  26  2:41  Marauder  
  28  2:52  Marauder  
  30  3:00  Supply Depot  
  30  3:13  Orbital Command  
  30  3:15  Marauder  
  31  3:22  Marauder  
  31  3:36  Marauder  
  31  3:39  SCV  
  32  3:44  Marauder  
  30  3:53  SCV  
  29  3:58  Marauder  
Show
View Real Time Build Order
Export as new Build Order

TheMakzy Terran 

Build Orders:  

Get SALT Encoding   

Show
View Real Time Build Order
Export as new Build Order

Lompe Terran 

Build Orders:  

Get SALT Encoding   

Tags
 
Add a new tag
Caveats
  • Supply blocks, unpowered buildings, or Contaminate may cause inaccurate times.
  • Supply counts are checked every 10 seconds.